 Dungeon Crawl Stone Soup version 0.29-a0-90-gc37658a0fe (webtiles) character file.

Game seed: 2567297563840675071

2407 lordive the Cutter (level 9, -12/45 HPs)
             Began as a Spriggan Abyssal Knight on Feb 6, 2022.
             Was a High Priest of Lugonu.
             Killed by divine providence
             ... invoked by an orc priest
              (13 damage)
             ... on level 8 of the Dungeon.
             The game lasted 00:18:31 (11454 turns).

lordive the Cutter (Spriggan Abyssal Knight)       Turns: 11454, Time: 00:18:32

Health: -12/45     AC:  5    Str:  9    XL:     9   Next: 23%
Magic:  13/13      EV: 20    Int: 15    God:    Lugonu [*****.]
Gold:   455        SH:  0    Dex: 16    Spells: 7/13 levels left

rFire   . . .      SeeInvis +   j - +2 dagger (venom)
rCold   + + .      Faith    .   (no shield)
rNeg    . . .      Spirit   .   n - +2 animal skin
rPois   .          Reflect  .   (helmet restricted)
rElec   .          Harm     .   l - +0 cloak
rCorr   .          Rampage  .   (gloves unavailable)
Will    +....                   (boots unavailable)
Stlth   +++.......              (no amulet)
HPRegen 0.15/turn               e - ring of protection from cold
MPRegen 0.13/turn               w - ring of protection from cold

@: very quick
A: very small, no large weapons, unfitting armour, see invisible, speed 3
a: Renounce Religion, Depart the Abyss, Bend Space, Banish, Corrupt, Enter the
Abyss


You were on level 8 of the Dungeon.
You worshipped Lugonu.
Lugonu was extremely pleased with you.
You visited 2 branches of the dungeon, and saw 9 of its levels.
You visited the Abyss 1 time.
You also visited: Ossuary.

You collected 455 gold pieces.

Inventory:

Hand Weapons
 c - a +2 falchion of electrocution
 g - a +2 short sword of freezing
 j - a +2 dagger of venom (weapon)
 k - a +2 dagger of speed
 z - a +3 short sword
 B - a +2 dagger of draining
Missiles
 A - 10 poisoned darts
Armour
 l - a +0 cloak (worn)
 n - a +2 animal skin (worn)
Jewellery
 e - a ring of protection from cold (left hand)
 w - a ring of protection from cold (right hand)
Wands
 m - a wand of flame (17)
 y - a wand of acid (9)
Scrolls
 f - 3 scrolls of noise {unknown}
 i - a scroll of silence {unknown}
 o - 3 scrolls of teleportation {unknown}
 p - a scroll of torment {unknown}
 q - a scroll of vulnerability {unknown}
 r - 2 scrolls of fear {unknown}
 u - a scroll of brand weapon {unknown}
 D - 2 scrolls of immolation {unknown}
 F - a scroll of enchant armour {unknown}
Potions
 b - 3 potions of cancellation
 d - 3 potions of curing
 h - 2 potions of haste
 s - 7 potions of heal wounds
 t - a potion of ambrosia {unknown}
 v - a potion of degeneration {unknown}
 x - a potion of magic {unknown}
 C - a potion of berserk rage {unknown}
 E - a potion of flight {unknown}
 G - a potion of attraction {unknown}
 H - a potion of brilliance {unknown}


   Skills:
 + Level 3.8 Fighting
 + Level 6.5 Short Blades
 + Level 5.9 Dodging
 + Level 4.2 Stealth
 + Level 2.5 Spellcasting
 * Level 6.0 Translocations
 * Level 5.9 Transmutations
 + Level 3.7 Poison Magic
 * Level 5.0 Invocations
 + Level 0.4 Evocations


You had 7 spell levels left.
You knew the following spells:

 Your Spells              Type           Power      Damage    Failure   Level
a - Sting                 Tmut/Pois      64%        1d6       3%          1
b - Manifold Assault      Tloc           20%        N/A       43%         5

Your spell library contained the following spells:

 Spells                   Type           Power      Damage    Failure   Level
 Blink                    Tloc           40%        N/A       2%          2
 Lesser Beckoning         Tloc           20%        N/A       5%          3
 Poisonous Vapours        Pois/Air       14%        N/A       16%         2
 Freeze                   Ice            4%         1d3       22%         1
 Olgreb's Toxic Radiance  Pois           13%        N/A       41%         4
 Frozen Ramparts          Ice            2%         1d2       54%         3
 Ozocubu's Armour         Ice            1%         N/A       54%         3
 Hailstorm                Conj/Ice       1%         3d3       91%         4
 Ozocubu's Refrigeration  Ice            0%         4d5       100%        7


Dungeon Overview and Level Annotations

Branches:
Dungeon (8/15)             Temple (1/1) D:7         Ossuary (visited)
   Lair: D:8-11

Altars:
Cheibriados
Dithmenos
Elyvilon
Fedhas
Gozag
Hepliaklqana
Kikubaaqudgha
Makhleb
Nemelex Xobeh
Okawaru
Qazlal
Ru
Sif Muna
Trog
Uskayaw
Wu Jian
Xom
Yredelemnul
Zin
The Shining One

Shops:
D:7 (

Annotations:
D:8 Grum


Innate Abilities, Weirdness & Mutations

You are very small and have problems with some larger weapons.
You are too small for most types of armour.
You have supernaturally acute eyesight. (SInv)
You cover ground extremely quickly. (Speed+++)


Message History

The wolf bites you.
You completely miss the wolf.
The wolf is severely wounded.
The wolf completely misses you.
The sky beast flickers out of sight for a moment.
You hit the wolf.
The wolf looks as sick as possible!
The wolf is almost dead.
The wolf misses you.
You hit the wolf but do no damage.
The wolf looks as sick as possible!
The wolf is almost dead.
The wolf misses you.
You hit the wolf but do no damage.
The wolf is almost dead.
The wolf closely misses you.
You hit the wolf but do no damage.
The wolf looks as sick as possible!
The wolf is almost dead.
The wolf completely misses you. The wolf closely misses you.
You miss the wolf.
The wolf is almost dead.
The wolf misses you.
You barely miss the wolf.
The wolf is almost dead.
You kill the wolf!
Lugonu accepts your kill.
Your Translocations skill increases to level 6!
Your Invocations skill increases to level 5!
The orc wizard misses you.
You hit the orc wizard.
The orc wizard is poisoned.
The orc wizard is moderately wounded.
Grum barely misses you.
You barely miss the orc wizard.
The orc wizard is moderately wounded.
The orc wizard casts a spell at you. The magic dart hits you.
Grum hits you from afar with a -2 glaive!!
* * * LOW HITPOINT WARNING * * *
Unknown command.
The orc priest invokes the aid of Beogh against you.
Beogh smites you!
You die...

######### ........# .......o#
.h....o.# g.......#
################## ........#
##................#
......h.###...#############.#
?.....Yohgo..@'†....<..# #.#
###########...########.# #.#
######........# #.####.#
#.............# #......#
#.............# ########
#.....#####...# #.....# #####
####....<# .........#


You could see Grum, a sky beast, 2 wolves, an orc priest and an orc wizard
(invisible, very poisoned).

Vanquished Creatures
  A wyvern (D:8)
  Duvessa (D:6)
  2 ice beasts (D:7)
  A black bear (D:5)
  A necrophage (D:4)
  4 ogres
  A wolf (D:8)
  A kobold brigand (D:6)
  A bullfrog (D:8)
  A scorpion (D:4)
  A gnoll sergeant (D:5)
  6 water moccasin zombies
  Dowan (D:6)
  A bullfrog zombie (D:3)
  5 hounds
  2 jellies
  A bullfrog skeleton (D:5)
  Crazy Yiuf (D:6)
  4 iguanas
  An orc wizard (D:3)
  A killer bee zombie (D:6)
  2 mummies (Ossuary)
  Robin (D:2)
  3 gnolls (D:5)
  A howler monkey skeleton (D:5)
  A howler monkey zombie (D:7)
  3 adders
  A white imp (D:7)
  A worm zombie (D:7)
  11 adder zombies (Ossuary)
  3 worms (D:2)
  2 dart slugs
  6 orcs
  8 endoplasms
  3 giant cockroaches
  11 goblins
  7 hobgoblins
  13 jackals
  3 quokkas
  12 ball pythons
  6 bats
  3 frilled lizards (D:2)
  2 gnoll zombies (Ossuary)
  6 hobgoblin zombies (Ossuary)
  13 kobolds
  3 kobold zombies (Ossuary)
  4 orc zombies (Ossuary)
  11 rats
  A spectral kobold (D:3)
179 creatures vanquished.

Vanquished Creatures (others)
  A plant (D:5)
1 creature vanquished.

Grand Total: 180 creatures vanquished

Notes
Turn   | Place    | Note
-------+----------+-------------------------------------------
     0 | Abyss:1  | lordive the Spriggan Abyssal Knight began the quest for the
                  | Orb.
     0 | Abyss:1  | Reached XP level 1. HP: 11/11 MP: 3/3
     7 | D:1      | Escaped the Abyss
   522 | D:1      | Reached XP level 2. HP: 16/16 MP: 4/4
  1026 | D:1      | Reached ** piety under Lugonu
  1180 | D:1      | Reached XP level 3. HP: 9/19 MP: 5/5
  2139 | D:2      | Found a burning altar of Makhleb.
  3578 | D:2      | Noticed Robin
  3602 | D:2      | Reached XP level 4. HP: 13/23 MP: 6/6
  3613 | D:2      | Killed Robin
  3615 | D:2      | HP: 1/23 [goblin[Robin] (2)]
  4038 | D:2      | Reached *** piety under Lugonu
  4511 | D:3      | Noticed an ogre
  4604 | D:3      | Found a faded altar of an unknown god.
  4688 | D:3      | Reached skill level 1 in Stealth
  4742 | D:3      | Reached XP level 5. HP: 21/28 MP: 7/7
  4870 | D:3      | Killed an ogre
  4871 | D:3      | Reached skill level 1 in Translocations
  4871 | D:3      | Reached skill level 1 in Transmutations
  4871 | D:3      | Reached skill level 1 in Poison Magic
  5140 | D:3      | Reached XP level 6. HP: 25/32 MP: 9/9
  5595 | D:3      | Found a hazy altar of Hepliaklqana.
  5701 | D:3      | Found a hide-covered altar of Uskayaw.
  5889 | D:4      | Found an ornate altar of the Wu Jian Council.
  6177 | D:4      | Learned a level 1 spell: Sting
  6399 | D:5      | Entered Level 5 of the Dungeon
  6496 | D:5      | Reached **** piety under Lugonu
  6620 | D:5      | Found a white marble altar of Elyvilon.
  6626 | D:5      | Found a glowing golden altar of the Shining One.
  6631 | D:5      | Found an ancient bone altar of Kikubaaqudgha.
  6708 | D:5      | Reached XP level 7. HP: 35/36 MP: 8/10
  7014 | D:5      | Reached skill level 5 in Short Blades
  7014 | D:5      | Reached skill level 5 in Dodging
  7291 | D:5      | Identified the +9 short sword of the Sun {protect, *Noise
                  | Str+6}
  7634 | D:6      | Reached XP level 8. HP: 39/40 MP: 11/11
  8025 | D:6      | Found a runed translucent door.
  8026 | D:6      | Noticed Crazy Yiuf
  8055 | D:6      | Killed Crazy Yiuf
  8174 | D:6      | Reached skill level 1 in Spellcasting
  8445 | D:6      | Noticed Dowan
  8446 | D:6      | Noticed Duvessa
  8466 | D:6      | Killed Duvessa
  8484 | D:6      | Killed Dowan
  9050 | D:7      | Found an opulent altar of Gozag.
  9096 | D:7      | Found a staircase to the Ecumenical Temple.
  9123 | D:7      | Found a sand-covered staircase.
  9144 | Ossuary  | Entered an ossuary
  9185 | Ossuary  | Reached skill level 5 in Transmutations
  9228 | Ossuary  | Reached ***** piety under Lugonu
  9412 | Ossuary  | Reached skill level 5 in Translocations
  9760 | Temple   | Entered the Ecumenical Temple
 10287 | D:7      | Found Athraxog's Weapon Shoppe.
 10444 | D:7      | Reached XP level 9. HP: 45/45 MP: 13/13
 10477 | D:7      | Learned a level 5 spell: Manifold Assault
 11421 | D:8      | Noticed Grum
 11449 | D:8      | Reached skill level 5 in Invocations
 11451 | D:8      | HP: 1/45 [Grum (19)]
 11454 | D:8      | Killed from afar by an orc priest

Illustrated notes

Levels and vault maps discovered:
D:1:      wander_arrival_fairy_ring, layout_basic, columned_hall_lemuel
D:2:      minmay_recursive_quarters, layout_basic, basic_altar, uniq_robin
D:3:      layout_loops_ring, nicolae_hepliaklqana_monster_ancestors,
          mainiacjoe_overflow_alcove_4, dreamdust_ecumenical_altar_statues
D:4:      layout_basic, mainiacjoe_overflow_tiny_flanked
D:5:      corexii_shack_village, layout_rooms, minmay_overflow_temple_star_quad
D:6:      layout_rooms, serial_corexii_hall, corexii_hall_statues_i,
          chequers_hall_statues_y, corexii_hall_statues_s,
          corexii_hall_statues_x, uniq_duvessa, uniq_crazy_yiuf_cottage
D:7:      layout_loops_corners, overflow_temple_1_default,
          minmay_temple_entry_arrows, enter_ossuary_3, serial_shops,
          nicolae_square_shop
D:8:      layout_basic, ashenzari_conservatory_becter, uniq_grum
Temple:   dshaligram_water_room_temple

Skill      XL: |  1  2  3  4  5  6  7  8  9 |
---------------+----------------------------+-----
Invocations    | 2 3 4 5 |  5.0
Short Blades   | 3 4 5 6 |  6.5
Dodging        | 4 5 |  5.9
Fighting       | 3 |  3.8
Stealth        | 1 2 3 4 |  4.2
Translocations | 1 2 3 5 6 |  6.0
Transmutations | 2 3 5 |  5.9
Poison Magic   | 1 2 3 |  3.7
Spellcasting   | 2 |  2.5
Evocations     | |  0.4

Action                   |  1- 3 |  4- 6 |  7- 9 || total
-------------------------+-------+-------+-------++-------
Melee: Short sword       |   143 |       |   265 ||   408
       Punch             |     1 |     4 |     7 ||    12
       Dagger            |    45 |   210 |   174 ||   429
 Cast: Sting             |       |     5 |    45 ||    50
Evoke: Wand              |       |     4 |       ||     4
  Use: Scroll            |       |       |     4 ||     4
 Stab: Sleeping          |     1 |     4 |     5 ||    10
Armor: Robe              |    20 |     1 |       ||    21
       Animal skin       |       |    18 |    33 ||    51
Dodge: Dodged            |   140 |   118 |   294 ||   552

Table legend: (Time is in decaauts)
 A = Elapsed time spent in this place.
 B = Non-inter-level travel time spent in this place.
 C = Inter-level travel time spent in this place.
 D = Time resting spent in this place.
 E = Time spent auto-exploring this place.
 F = Levels seen in this place.
 G = Mean time per level.
                   A        B        C        D        E       F      G
               +--------+--------+--------+--------+--------+-----+--------+
         Total |   9103 |   8928 |    175 |   1570 |   5832 |  11 |  827.5 |
       Dungeon |   8529 |   8369 |    160 |   1431 |   5630 |   8 | 1066.1 |
        Temple |     86 |     72 |     14 |      0 |     60 |   1 |   86.0 |
         Abyss |      4 |      4 |      0 |      0 |      0 |   1 |    4.0 |
       Ossuary |    483 |    483 |      0 |    139 |    142 |   1 |  483.0 |
               +--------+--------+--------+--------+--------+-----+--------+

Top non-repeatable levels by time:
     D:2: 2036 daAuts
     D:1: 1711 daAuts
     D:7: 1155 daAuts
     D:3: 975 daAuts
     D:6: 965 daAuts
     D:5: 914 daAuts
 Ossuary: 483 daAuts
     D:4: 399 daAuts
     D:8: 370 daAuts
  Temple: 86 daAuts
 Abyss:1: 4 daAuts
